 Dungeon Crawl Stone Soup version 0.31-a0-331-geda263fcf1 (webtiles) character file.

Game seed: 17695872144865725089

257 Midn8 the Shooter (level 5, -6/45 HPs)
             Began as a Draconian Berserker on July 20, 2023.
             Was a Priest of Trog.
             Killed from afar by an orc wizard (8 damage)
             ... with a magic dart
             ... on level 3 of the Dungeon.
             The game lasted 00:04:23 (2210 turns).

Midn8 the Shooter (Draconian Berserker)             Turns: 2210, Time: 00:04:24

Health: -6/45      AC: 10    Str: 19    XL:     5   Next: 93%
Magic:  5/5        EV: 12    Int:  8    God:    Trog [***...]
Gold:   151        SH:  0    Dex: 12    Spells: 4/4 levels left

rFire   . .          .
                       - Unarmed
rCold   + . .        (no shield)
rNeg    . . .        (body armour unavailable)
rPois   .            (helmet restricted)
rElec   .            (no cloak)
rCorr   .            (no gloves)
SInv    .            m - +0 pair of boots
Will    .....        (no amulet)
Stlth   +            n - ring of protection from cold
HPRegen 0.27/turn    r - +4 ring of protection
MPRegen 0.09/turn

%: no passive effects
@: confused, lethally poisoned (-6 -> -11), on berserk cooldown, slowed, very
slow
A: AC +5, unfitting armour, cold-blooded
a: Renounce Religion, Berserk, Trog's Hand


You were on level 3 of the Dungeon.
You worshipped Trog.
Trog was most pleased with you.
You visited 1 branch of the dungeon, and saw 3 of its levels.

You collected 151 gold pieces.

Inventory:

Hand Weapons
 a - a +1 sling of flaming
Missiles
 b - 2 boomerangs
 c - 5 javelins
Armour
 m - a +0 pair of boots (worn)
Jewellery
 n - a ring of protection from cold (left hand)
 o - a ring of positive energy
 r - a +4 ring of protection (right hand)
Talismans
 i - a beast talisman
Scrolls
 d - 2 scrolls of blinking
 q - a scroll of amnesia {unknown}
 s - a scroll of noise {unknown}
Potions
 e - a potion of berserk rage {unknown}
 f - a potion of haste {unknown}
 g - a potion of brilliance {unknown}
 h - 2 potions of lignification {unknown}
 j - 2 potions of cancellation {unknown}
 k - 2 potions of enlightenment {unknown}
 l - a potion of attraction {unknown}
 p - a potion of curing {unknown}


   Skills:
 - Level 3.2 Fighting
 + Level 4.5 Ranged Weapons
 - Level 2.6 Dodging
 - Level 4.2 Unarmed Combat


You had 4 spell levels left.
You didn't know any spells.
Your spell library was empty.

Dungeon Overview and Level Annotations

Branches:
Dungeon (3/15)

Altars:
Kikubaaqudgha
Vehumet

Shops:
D:1 *


Innate Abilities, Weirdness & Mutations

Your plain brown scales are hard. (AC +5)
You cannot fit into any form of body armour.
You are cold-blooded and may be slowed by cold attacks.


Message History

The orc wizard closely misses you. Something hits you but does no damage.
You are poisoned.
You hear some strange, mumbled words.
A puff of flame appears from out of thin air!
The puff of flame hits you! The orc wizard misses you.
The orc wizard attacks as you move away!
The orc wizard hits you but does no damage.
You feel very sick. Something hits you but does no damage.
You are more poisoned.
There is a fountain of clear blue water here.
Unknown command.
You feel very sick. The orc wizard barely misses you.
A puff of flame appears from out of thin air!
The puff of flame hits something!
Reactivating autopickup.
You feel a bit more experienced.
The orc wizard hits you with a +0 dagger.
* * * LOW HITPOINT WARNING * * *
The orc wizard hits you with a +0 dagger.
* * * LOW HITPOINT WARNING * * *
Unknown command.
* * * LOW HITPOINT WARNING * * *
You feel very sick.
The orc wizard gestures at you while chanting.
You are more confused.
You hear some strange, mumbled words.
Deactivating autopickup; reactivate with Ctrl-A.
Something tries to affect you, but you resist.
The orc wizard casts a spell at you. The puff of flame hits you.
* * * LOW HITPOINT WARNING * * *
The orc wizard attacks as you move away!
The orc wizard barely misses you.
* * * LOW HITPOINT WARNING * * *
You feel very sick.
The orc wizard gestures at you while chanting.
The magic dart hits you!
You die...

........## #......#
.........# #...#..#
.........# #..##..#
.........# #.###..####
.........#########....##
.........#..#..###.##.>#
>.......##_.'...##.###.#
#........#..#.)..### #.#
####...#.####...@.# #.#
#.....#..#.o.⌠.####.#
##....#_.'.o⌠....##.#
######..#.§.⌠.#.##.#
####.....#.##.####
#....##.......#
+...##.........#
#..##...........#
####...........<#


You could see 2 orc wizards.

Vanquished Creatures
  An orc priest (D:3)
  An iguana (D:2)
  An orc wizard (D:3)
  Robin (D:3)
  5 adders
  A gnoll (D:3)
  3 worms
  5 dart slugs
  5 orcs
  5 ball pythons
  5 endoplasms
  A giant cockroach (D:1)
  11 goblins
  7 hobgoblins
  5 jackals
  3 quokkas (D:2)
  6 bats
  2 frilled lizards
  5 kobolds
  5 rats
78 creatures vanquished.

Vanquished Creatures (others)
  An orc wizard (D:3)
1 creature vanquished.

Grand Total: 79 creatures vanquished

Notes
Turn   | Place    | Note
-------+----------+-------------------------------------------
     0 | D:1      | Midn8 the Draconian Berserker began the quest for the Orb.
     0 | D:1      | Reached XP level 1. HP: 19/19 MP: 1/1
   375 | D:1      | Reached XP level 2. HP: 24/26 MP: 2/2
   426 | D:1      | Found Caupuir Sasa's General Store.
   835 | D:2      | Reached XP level 3. HP: 15/31 MP: 3/3
  1018 | D:2      | Reached skill level 1 in Ranged Weapons
  1088 | D:2      | Reached ** piety under Trog
  1202 | D:2      | Reached XP level 4. HP: 38/38 MP: 4/4
  1793 | D:3      | Reached XP level 5. HP: 45/45 MP: 5/5
  1800 | D:3      | Noticed Robin
  1805 | D:3      | Identified the +8 dagger of Inkiuse {heavy, rElec Will-
                  | Int+7 Stlth-}
  1812 | D:3      | Killed Robin
  1958 | D:3      | Reached *** piety under Trog
  2129 | D:3      | Found a radiant altar of Vehumet.
  2193 | D:3      | Found an ancient bone altar of Kikubaaqudgha.
  2210 | D:3      | HP: 2/45 [poisoned by an orc wizard]
  2210 | D:3      | Killed from afar by an orc wizard

Illustrated notes

Levels and vault maps discovered:
D:1:      wheals_arrival_shading, layout_basic, serial_shops,
          nicolae_shop_pleasant_corner_grove
D:2:      layout_basic, st_stairs_8
D:3:      minmay_chambers_of_threes, layout_rooms, palyth_temple_overflow_mages,
          chequers_serial_rivers_micro_a, uniq_robin

Skill      XL: |  1  2  3  4  5 |
---------------+----------------+-----
Unarmed Combat | 4 |  4.2
Ranged Weapons | 2 3 4 |  4.5
Fighting       | |  3.2
Dodging        | |  2.6

Action                     |  1- 3 |  4- 6 || total
---------------------------+-------+-------++-------
  Melee: Unarmed           |    59 |    53 ||   112
         Tailslap          |     6 |    11 ||    17
         Punch             |       |     3 ||     3
   Fire: Sling             |    44 |    90 ||   134
 Invoke: Berserk           |       |     3 ||     3
    Use: Scroll            |     2 |     2 ||     4
   Stab: Sleeping          |     1 |       ||     1
 Armour: Skin              |    23 |    27 ||    50
  Dodge: Dodged            |    45 |    37 ||    82

Table legend: (Time is in decaauts)
 A = Elapsed time spent in this place.
 B = Non-inter-level travel time spent in this place.
 C = Inter-level travel time spent in this place.
 D = Time resting spent in this place.
 E = Time spent auto-exploring this place.
 F = Levels seen in this place.
 G = Mean time per level.
                   A        B        C        D        E       F      G
               +--------+--------+--------+--------+--------+-----+--------+
         Total |   2249 |   2138 |    111 |    448 |   1194 |   3 |  749.7 |
       Dungeon |   2249 |   2138 |    111 |    448 |   1194 |   3 |  749.7 |
               +--------+--------+--------+--------+--------+-----+--------+

Top non-repeatable levels by time:
     D:2: 916 daAuts
     D:3: 746 daAuts
     D:1: 586 daAuts
